 Dungeon Crawl Stone Soup version 0.25-a0-258-g6d7e32a812 (webtiles) character file.

Game seed: 12345162333502336327, levelgen mode: deterministic

469 MrRokkomies the Firebug (level 7, 0/67 HPs)
             Began as an Ogre Fire Elementalist on Dec 6, 2019.
             Slain by a wraith (14 damage)
             ... in an ossuary.
             The game lasted 00:13:54 (2926 turns).

MrRokkomies the Firebug (Ogre Fire Elementalist)    Turns: 2926, Time: 00:14:00

Health: 0/67       AC:  4    Str: 13    XL:     7   Next: 9%
Magic:  1/10       EV: 10    Int: 18    God:
Gold:   172        SH:  0    Dex:  9    Spells: 3/10 levels left

rFire    . . .     SeeInvis .   a - +1 rapier (drain)
rCold    . . .     Gourm    .   (no shield)
rNeg     . . .     Faith    .   i - +1 robe
rPois    .         Spirit   .   (helmet restricted)
rElec    .         Reflect  .   (no cloak)
rCorr    .         Harm     .   (gloves unavailable)
MR       .....                  (boots unavailable)
Stlth    +.........             d - amulet of regeneration
HPRegen  0.61/turn              (no ring)
MPRegen  0.12/turn              (no ring)

@: slowed, very slow
A: large, unfitting armour, tough skin 1
a: no special abilities


You were in an ossuary.
You were not hungry.

You visited 1 branch of the dungeon, and saw 4 of its levels.
You also visited: Ossuary.

You collected 172 gold pieces.

Inventory:

Hand Weapons
 a - a +1 rapier of draining (weapon)
 b - a +1 short sword
 e - a +0 dagger
Missiles
 f - 8 javelins
 g - 93 stones (quivered)
 s - 2 throwing nets
Armour
 i - a +1 robe (worn)
 u - a +0 robe of magic resistance
Jewellery
 d - an amulet of regeneration (around neck)
Wands
 l - a wand of polymorph (9)
Scrolls
 j - a scroll of teleportation
 q - 2 scrolls of remove curse
Potions
 h - 3 potions of invisibility
 k - 2 potions of mutation
 m - 2 potions of curing
 o - 2 potions of agility {unknown}
 p - a potion of lignification
 t - a potion of ambrosia {unknown}
Comestibles
 c - 6 rations


   Skills:
 + Level 3.5 Fighting
 + Level 2.5 Throwing
 - Level 1.7 Dodging
 - Level 1.4 Stealth
 - Level 2.4 Spellcasting
 * Level 3.6 Conjurations
 * Level 4.6 Fire Magic


You had 3 spell levels left.
You knew the following spells:

 Your Spells              Type           Power        Failure   Level  Hunger
a - Foxfire               Conj/Fire      ###.         3%          1    #......
b - Conjure Flame         Conj/Fire      ###.....     10%         3    ###....
c - Inner Flame           Hex/Fire       ##......     21%         3    ###....

Your spell library contained the following spells:

 Spells                   Type           Power        Failure   Level  Hunger
 Sticky Flame             Conj/Fire      ###.....     30%         4    #####..
 Fireball                 Conj/Fire      ###.......   65%         5    ######.


Dungeon Overview and Level Annotations

Branches:
Dungeon (4/15)            Ossuary (1/1)
 Temple: D:4-7

Altars:

Annotations:
D:3 Grinder


Innate Abilities, Weirdness & Mutations

You are too large for most types of armour.
You have tough skin. (AC +1)


Message History

* * * LOW HITPOINT WARNING * * *
The wraith hits you.
* * * LOW HITPOINT WARNING * * *
The wraith drains your vigour!
You feel as though you will be slow longer.
You feel much better.
The foxfire hits the wraith but does no damage.
The wraith is almost destroyed.
The foxfire hits the wraith but does no damage.
The wraith is almost destroyed.
The wraith hits you.
Unknown command.
You barely miss the wraith.
The wraith is almost destroyed.
The wraith hits you!
* * * LOW HITPOINT WARNING * * *
The wraith drains your vigour!
You feel as though you will be slow longer.
The wraith hits you!
You die...

###### ...... .... ....
..^. ###..# #..# # #!#..#
#..# .# #.
#'#..#+#..#+#..#
.#.#..#W#..#.#..#.#.^#.
.......@..............^
........ยง..............
.####......###......## #.
+...8...# #...8...+
#..####......#+#^.....##
#............#.#....^....
#..^.....................
#..####.####.....####.###
#..# +..# +...8...+ ..+


You could see a wraith.

Vanquished Creatures
  A big kobold (D:2)
  An elf zombie (Ossuary)
  A scorpion (D:4)
  2 howler monkeys
  2 orc wizards (D:4)
  An iguana (D:4)
  A hound skeleton (D:4)
  3 adders
  An adder skeleton (D:4)
  2 worms
  2 dart slugs
  5 leopard geckos
  4 orcs (D:4)
  3 ball pythons
  5 goblins
  8 hobgoblins
  2 quokkas
  5 bats
  2 frilled lizards (D:2)
  2 goblin zombies (Ossuary)
  4 hobgoblin zombies (Ossuary)
  12 kobolds
  4 kobold zombies (Ossuary)
  7 rats
  A plant (D:2)
81 creatures vanquished.

Vanquished Creatures (others)
  160 foxfires
160 creatures vanquished.

Grand Total: 241 creatures vanquished

Notes
Turn   | Place    | Note
-------+----------+-------------------------------------------
     0 | D:1      | MrRokkomies the Ogre Fire Elementalist began the quest for
                  | the Orb.
     0 | D:1      | Reached XP level 1. HP: 16/16 MP: 3/3
    29 | D:1      | Reached skill level 1 in Conjurations
   242 | D:1      | Reached XP level 2. HP: 26/26 MP: 1/5
   403 | D:1      | Reached skill level 1 in Fighting
   643 | D:2      | Reached skill level 3 in Fire Magic
   654 | D:2      | Noticed a big kobold
   762 | D:2      | Killed a big kobold
   762 | D:2      | Reached skill level 1 in Throwing
   762 | D:2      | Reached XP level 3. HP: 15/35 MP: 1/6
   762 | D:2      | Reached XP level 4. HP: 18/42 MP: 1/7
   767 | D:2      | Learned a level 3 spell: Conjure Flame
   771 | D:2      | Learned a level 3 spell: Inner Flame
  1726 | D:3      | Reached XP level 5. HP: 49/49 MP: 3/8
  2340 | D:3      | Noticed Grinder
  2375 | D:4      | Reached skill level 4 in Fire Magic
  2400 | D:4      | Reached XP level 6. HP: 43/59 MP: 4/9
  2655 | D:4      | Found a sand-covered staircase.
  2664 | Ossuary  | Entered an ossuary
  2664 | Ossuary  | Noticed a wraith
  2664 | Ossuary  | Noticed a wraith
  2664 | Ossuary  | Noticed a wraith
  2708 | Ossuary  | Reached XP level 7. HP: 45/67 MP: 1/10
  2909 | Ossuary  | Noticed a wraith
  2926 | Ossuary  | Slain by a wraith

Levels and vault maps discovered:
D:1:      eino_arrival_druids_welcome, layout_loops_ring
D:2:      layout_rooms, serial_forest, infiniplex_forest_zigzag_2,
          infiniplex_forest_straight_3, infiniplex_forest_straight_2,
          infiniplex_forest_corner_2, infiniplex_forest_clump_small,
          infiniplex_forest_split, infiniplex_forest_corner_1,
          infiniplex_forest_join, chequers_avenue
D:3:      layout_loops_cross, old_standard_altar, first_ration,
          lexackson_kobold_supper, uniq_jessica, uniq_grinder
D:4:      layout_rooms, chequers_ossuary_entry_cave, bh_walls_and_bars
Ossuary:  ossuary_kennysheep_city_of_the_dead

Skill      XL: |  1  2  3  4  5  6 |
---------------+-------------------+-----
Conjurations   | 1 2 3 |  3.6
Fighting       | 2 3 |  3.5
Fire Magic     | 3 4 |  4.6
Throwing       | 1 2 |  2.5
Dodging        | |  1.7
Stealth        | |  1.4
Spellcasting   | |  2.4

Action                   |  1- 3 |  4- 6 |  7- 9 || total
-------------------------+-------+-------+-------++-------
Melee: Dagger            |    61 |   132 |       ||   193
       Short sword       |       |   106 |       ||   106
       Rapier            |       |    39 |    35 ||    74
Throw: Stone             |       |     5 |       ||     5
 Cast: Foxfire           |    24 |    50 |    18 ||    92
       Inner Flame       |       |     2 |       ||     2
       Conjure Flame     |       |     2 |       ||     2
  Use: Potion            |     2 |       |     1 ||     3
       Scroll            |       |    10 |       ||    10
 Stab: Invisible         |     2 |       |       ||     2
       Sleeping          |       |     4 |       ||     4
  Eat: Chunk             |       |     7 |       ||     7
       Ration            |       |       |     1 ||     1
Armor: Robe              |    12 |    59 |    11 ||    82
Dodge: Dodged            |    28 |   115 |    21 ||   164

Table legend:
 A = Non-vault XP
 B = Vault XP
 C = Vault XP percentage of total XP
 D = Non-vault monster count
 E = Vault monster count
 F = Vault count percentage of total count
                 A         B        C        D         E       F
            +---------+---------+-------+---------+---------+-------
      Total |     558 |     112 |  16.7 |      64 |      16 |  20.0
            +---------+---------+-------+---------+---------+-------
        D:1 |      20 |       0 |   0.0 |      11 |       0 |   0.0
        D:2 |     138 |       0 |   0.0 |      22 |       0 |   0.0
        D:3 |     102 |       9 |   8.1 |      14 |       5 |  26.3
        D:4 |     298 |       0 |   0.0 |      17 |       0 |   0.0
    Ossuary |       0 |     103 | 100.0 |       0 |      11 | 100.0
            +---------+---------+-------+---------+---------+-------
